 Dungeon Crawl Stone Soup version 0.29-a0-555-g3b24f45cc1 (webtiles) character file.

Game seed: 3097443415333051308

4 bande the Charlatan (level 1, 0/13 HPs)
             Began as a Gnoll Wanderer on June 7, 2022.
             Slain by a jackal (2 damage)
             ... on level 1 of the Dungeon.
             The game lasted 00:01:06 (189 turns).

bande the Charlatan (Gnoll Wanderer)                 Turns: 189, Time: 00:01:06

Health: 0/13       AC:  3    Str:  8    XL:     1   Next: 60%
Magic:  4/4        EV: 13    Int: 13    God:
Gold:   0          SH:  7    Dex: 12    Spells: 4/5 levels left

rFire   . . .      SeeInvis .   a - +0 dagger
rCold   . . .      Faith    .   e - +2 buckler
rNeg    . . .      Spirit   .   d - +0 robe
rPois   .          Reflect  .   (no helmet)
rElec   .          Harm     .   b - +0 cloak
rCorr   .          Rampage  .   (no gloves)
Will    .....                   (no boots)
Stlth   +.........              (no amulet)
HPRegen 0.04/turn               (no ring)
MPRegen 0.09/turn               (no ring)

@: no status effects
A: fangs 1, strong nose, distributed training
a: no special abilities


You were on level 1 of the Dungeon.
You visited 1 branch of the dungeon, and saw 1 of its levels.

Inventory:

Hand Weapons
 a - a +0 dagger (weapon)
Armour
 b - a +0 cloak (worn)
 d - a +0 robe (worn)
 e - a +2 buckler (worn)
Jewellery
 g - a ring of flight
Potions
 c - a potion of brilliance
 f - 2 potions of curing {unknown}
 h - a potion of might {unknown}


   Skills:
 + Level 0.1 Fighting
 + Level 0.1 Short Blades
 + Level 0.1 Long Blades
 + Level 0.1 Axes
 + Level 0.1 Maces & Flails
 + Level 0.1 Polearms
 + Level 0.1 Staves
 + Level 0.1 Slings
 + Level 0.1 Bows
 + Level 0.1 Crossbows
 + Level 0.1 Throwing
 + Level 0.1 Armour
 + Level 4.4 Dodging
 + Level 0.1 Stealth
 + Level 6.4 Shields
 + Level 0.1 Unarmed Combat
 + Level 2.6 Spellcasting
 + Level 0.1 Conjurations
 + Level 0.1 Hexes
 + Level 0.1 Summonings
 + Level 0.1 Necromancy
 + Level 0.1 Translocations
 + Level 0.1 Transmutations
 + Level 0.1 Fire Magic
 + Level 0.1 Ice Magic
 + Level 0.1 Air Magic
 + Level 0.1 Earth Magic
 + Level 2.0 Poison Magic
 + Level 0.2 Invocations
 + Level 6.4 Evocations


You had 4 spell levels left.
You knew the following spells:

 Your Spells              Type           Power      Damage    Failure   Level
a - Sting                 Tmut/Pois      16%        1d3       21%         1

Your spell library contained the following spells:

 Spells                   Type           Power      Damage    Failure   Level
 Ensorcelled Hibernation  Hex/Ice        4%         N/A       41%         2
 Passwall                 Tmut/Erth      1%         N/A       41%         2
 Ignite Poison            Fire/Tmut/Pois 3%         N/A       56%         3
 Swiftness                Air            2%         N/A       65%         3


Dungeon Overview and Level Annotations

Branches:
Dungeon (1/15)

Altars:


Innate Abilities, Weirdness & Mutations

You have very sharp teeth.
Your uncanny sense of smell can sniff out nearby items.
Your experience applies equally to all skills.


Message History

You hit the jackal but do no damage.
The jackal is moderately wounded.
The jackal barely misses you. The jackal closely misses you.
You closely miss the jackal.
The jackal is moderately wounded.
The jackal barely misses you.
You barely miss the jackal. You block the jackal's attack. x2
You barely miss the jackal. You block the jackal's attack.
The jackal closely misses you. You block the jackal's attack.
You closely miss the jackal. The jackal misses you.
The jackal bites you but does no damage.
The jackal bites you.
You closely miss the jackal. The jackal closely misses you. x2
You hit the jackal but do no damage. Your bite misses the jackal.
You block the jackal's attack. The jackal misses you.
You block the jackal's attack. The jackal misses you.
You barely miss the jackal. The jackal closely misses you.
You block the jackal's attack.
You hit the jackal.
The jackal is moderately wounded.
You block the jackal's attack. The jackal bites you.
You block the jackal's attack.
The jackal bites you but does no damage.
You miss the jackal. You bite the jackal, but do no damage.
The jackal is moderately wounded.
The jackal barely misses you. x2
You miss the jackal.
The jackal is moderately wounded.
The jackal bites you.
* * * LOW HITPOINT WARNING * * *
The jackal misses you. x2
You hit the jackal. Your bite misses the jackal.
The jackal is severely wounded.
The jackal bites you but does no damage. x2
The jackal bites you.
* * * LOW HITPOINT WARNING * * *
You closely miss the jackal.
The jackal is severely wounded.
The jackal bites you.
You die...

###### #. .....
..###.# .. #...
..##.# ...
#...#####.##.# .....
##..)#.....##.##.≈...
#.:..h@.....#...≈♣≈..
#...)#h.(.#.#.≈..≈..≈
#....#.......≈♣≈...≈♣
#....+..[..≈..≈..≈..≈
######....≈♣≈...≈♣≈..
....#+#.≈..≈..≈..≈
###
#####.#...≈♣≈...≈♣
###8####
#...#.#.≈..≈..≈..≈
.....).##
#.#.#..≈♣≈...≈♣≈..


You could see 2 jackals.

Vanquished Creatures
  An endoplasm (D:1)
  A jackal (D:1)
  A kobold (D:1)
3 creatures vanquished.

Notes
Turn   | Place    | Note
-------+----------+-------------------------------------------
     0 | D:1      | bande the Gnoll Wanderer began the quest for the Orb.
     0 | D:1      | bande set off with the following items: a +0 dagger, a +0
                  | cloak, a potion of brilliance, a +0 robe, a +2 buckler; and
                  | the following spell memorised: Sting; and the following
                  | spells available to memorise: Ignite Poison
     0 | D:1      | Reached XP level 1. HP: 13/13 MP: 4/4
   189 | D:1      | Slain by a jackal

Illustrated notes

Levels and vault maps discovered:
D:1:      nagdon_arrival_double_spiral, layout_basic, kennysheep_doodads,
          dreamdust_wishing_well

Skill      XL: |  1 |
---------------+----+-----
Poison Magic   | 2 |  2.0
Fighting       | |  0.1
Short Blades   | |  0.1
Long Blades    | |  0.1
Axes           | |  0.1
Maces & Flails | |  0.1
Polearms       | |  0.1
Staves         | |  0.1
Slings         | |  0.1
Bows           | |  0.1
Crossbows      | |  0.1
Throwing       | |  0.1
Armour         | |  0.1
Dodging        | |  4.4
Stealth        | |  0.1
Shields        | |  6.4
Unarmed Combat | |  0.1
Spellcasting   | |  2.6
Conjurations   | |  0.1
Hexes          | |  0.1
Summonings     | |  0.1
Necromancy     | |  0.1
Translocations | |  0.1
Transmutations | |  0.1
Fire Magic     | |  0.1
Ice Magic      | |  0.1
Air Magic      | |  0.1
Earth Magic    | |  0.1
Invocations    | |  0.2
Evocations     | |  6.4

Action                   || total
-------------------------++-------
Melee: Dagger            ||    34
       Bite              ||     2
 Cast: Sting             ||     1
Armor: Robe              ||    12
Dodge: Dodged            ||    41
Block: Buckler           ||    22

Table legend: (Time is in decaauts)
 A = Elapsed time spent in this place.
 B = Non-inter-level travel time spent in this place.
 C = Inter-level travel time spent in this place.
 D = Time resting spent in this place.
 E = Time spent auto-exploring this place.
 F = Levels seen in this place.
 G = Mean time per level.
                   A        B        C        D        E       F      G
               +--------+--------+--------+--------+--------+-----+--------+
         Total |    189 |    189 |      0 |      0 |    137 |   1 |  189.0 |
       Dungeon |    189 |    189 |      0 |      0 |    137 |   1 |  189.0 |
               +--------+--------+--------+--------+--------+-----+--------+

Top non-repeatable levels by time:
     D:1: 189 daAuts
